 Dungeon Crawl Stone Soup version 0.30.1-11-g7821555f0a (webtiles) character file.

Game seed: 11461899987502814728

107352 H0rd4k the Fighter (level 17, -11/135 HPs)
             Began as a Human Artificer on Dec 1, 2023.
             Was an Initiate of Gozag.
             Mangled by an alligator (24 damage)
             ... called by a spriggan druid
             ... on level 1 of the Swamp on Dec 5, 2023.
             The game lasted 01:22:47 (39054 turns).

H0rd4k the Fighter (Human Artificer)               Turns: 39054, Time: 01:22:47

Health: -11/135    AC: 25    Str: 11    XL:     17   Next: 1%
Magic:  0/33       EV:  9    Int: 22    God:    Gozag
Gold:   1824       SH:  0    Dex: 21    Spells: 28/40 levels left

rFire   . . .        h - +9 hand axe (spect)
rCold   . . .        (no shield)
rNeg    . . .        A - +7 chain mail of Zuden {Slay+3}
rPois   .            K - +2 helmet of Valour {rElec Dex+3}
rElec   +            x - +1 cloak of the Gusle {rCorr Str-4 Dex+3}
rCorr   +            (no gloves)
SInv    +            s - +2 pair of boots
Will    +....        t - amulet of guardian spirit
Stlth   +            b - ring of Mifow {Str+3 Int+3 SInv}
HPRegen 0.42/turn    B - ring of see invisible
MPRegen 0.23/turn

%: guardian spirit
@: gold aura, studying Air Magic, very slow
A: camouflage 1, screaming 1
a: Renounce Religion, Potion Petition, Call Merchant, Bribe Branch


You were on level 1 of the Swamp.
You worshipped Gozag.
Gozag was most pleased with you.
You visited 5 branches of the dungeon, and saw 22 of its levels.
You also visited: Ossuary, Gauntlet and Volcano.

You collected 10292 gold pieces.
You spent 3757 gold pieces at shops.
You paid 4711 gold pieces to Gozag.

Inventory:

Hand Weapons
 h - a +9 spectral hand axe (weapon)
 u - the +8 hand axe "Plog" {flame, rF+ Dex+2}
   (You found it on level 3 of the Dungeon)

   Dex:       It affects your dexterity (+2).
   rF:        It protects you from fire.
 T - the +6 shillelagh "Devastator" {shatter}
   (You found it on level 7 of the Dungeon)
Missiles
 v - 4 atropa-tipped darts (quivered)
 Q - 2 curare-tipped darts
Armour
 l - an orb of mayhem
 s - a +2 pair of boots (worn)
 x - the +1 cloak of the Gusle (worn) {rCorr Str-4 Dex+3}
   (You found it on level 2 of the Lair of Beasts)

   Str:       It affects your strength (-4).
   Dex:       It affects your dexterity (+3).
   rCorr:     It protects you from acid and corrosion.
 A - the +7 chain mail of Zuden (worn) {Slay+3}
   (You bought it in a shop on level 9 of the Dungeon)

   Slay:      It affects your accuracy & damage with ranged weapons and melee
   (+3).
 K - the +2 helmet of Valour (worn) {rElec Dex+3}
   (You found it in a Gauntlet)

   Dex:       It affects your dexterity (+3).
   rElec:     It insulates you from electricity.
 M - a scarf of shadows
 N - a scarf of repulsion
 Y - a scarf of harm
Magical Staves
 R - the staff of cold "Rirher" {rC+ Int+3}
   (You found it in a Gauntlet)

   [staff of cold]

   Base accuracy: +5 Base damage: 5 Base attack delay: 1.2 This weapon's minimum
   attack delay (0.6) is reached at skill level 12.
   Int:       It affects your intelligence (+3).
   rC:        It protects you from cold.
   It falls into the 'Staves' category.
   It is a one-handed weapon.
Jewellery
 b - the ring of Mifow (left hand) {Str+3 Int+3 SInv}
   (You bought it in a shop on level 8 of the Dungeon)

   [ring of see invisible]

   Str:       It affects your strength (+3).
   Int:       It affects your intelligence (+3).
   SInv:      It lets you see invisible.
 r - an amulet of regeneration
 t - an amulet of guardian spirit (around neck)
 B - a ring of see invisible (right hand)
 J - a +4 ring of slaying
 P - a ring of magical power
 S - a ring of ice
Wands
 w - a wand of paralysis (3)
 C - a wand of digging (8)
 D - a wand of roots (14)
 U - a wand of mindburst (2)
 X - a wand of flame (2)
Scrolls
 a - 2 scrolls of brand weapon
 c - 3 scrolls of identify
 k - 5 scrolls of magic mapping
 n - 2 scrolls of enchant weapon
 o - 3 scrolls of amnesia
 y - a scroll of fear
 F - 2 scrolls of poison
 H - a scroll of fog
Potions
 g - 4 potions of heal wounds
 j - 12 potions of curing
 p - 2 potions of haste
 q - 4 potions of cancellation
 z - 2 potions of ambrosia
 E - 3 potions of magic
 G - 3 potions of flight
 I - 3 potions of lignification
 L - 4 potions of brilliance
Miscellaneous
 e - a tin of tremorstones (2/2)
 f - a lightning rod (4/4)
 i - a phial of floods
 m - a phantom mirror (inert)


   Skills:
 + Level 12.4 Fighting
 - Level 11.3(13.3) Axes
 - Level 11.3(13.3) Maces & Flails
 - Level 0.7 Ranged Weapons
 + Level 7.1 Throwing
 - Level 4.4 Armour
 - Level 8.2 Dodging
 - Level 3.1 Stealth
 * Level 12.0 Spellcasting
 * Level 4.9 Conjurations
 + Level 6.3 Ice Magic
 * Level 7.4 Air Magic
 + Level 9.1 Evocations


You had 28 spell levels left.
You knew the following spells:

 Your Spells              Type           Power      Damage    Failure   Level
a - Frozen Ramparts       Ice            80%        1d13      28%         3
b - Mephitic Cloud        Conj/Pois/Air  31%        N/A       56%         3
c - Conjure Ball Lightni  Conj/Air       20%        3x3d6     100%        6

Your spell library contained the following spells:

 Spells                   Type           Power      Damage    Failure   Level
 Freeze                   Ice            100%       1d10      10%         1
 Magic Dart               Conj           100%       1d8       17%         1
 Hailstorm                Conj/Ice       38%        3d9       36%         3
 Stone Arrow              Conj/Erth      48%        3d10      80%         3
 Call Imp                 Summ           26%        N/A       88%         2
 Sublimation of Blood     Necr           13%        N/A       88%         2
 Wereblood                Tmut           13%        N/A       88%         2
 Summon Guardian Golem    Hex/Summ       13%        N/A       98%         3
 Iskenderun's Battlesphe  Conj           35%        2d9       99%         5
 Animate Armour           Summ/Erth      26%        N/A       100%        4
 Leda's Liquefaction      Hex/Erth       6%         N/A       100%        4
 Lee's Rapid Deconstruct  Erth           6%         3d6*      100%        5
 Iron Shot                Conj/Erth      12%        9d3       100%        6
 Statue Form              Tmut/Erth      8%         N/A       100%        6
 Orb of Destruction       Conj           17%        9d7       100%        7
 Spellforged Servitor     Conj/Summ      12%        N/A       100%        7
 Summon Hydra             Summ           6%         N/A       100%        7
 Discord                  Hex            6%         N/A       100%        8
 Disjunction              Tloc           6%         N/A       100%        8
 Lehudib's Crystal Spear  Conj/Erth      12%        10d4      100%        8


Dungeon Overview and Level Annotations

Branches:
Dungeon (13/15)            Temple (1/1) D:5            Lair (5/5) D:8
  Swamp (1/4) Lair:3        Snake (0/4) Lair:2        Slime (0/5) Lair:5
    Orc (2/2) D:9             Elf (0/3) Orc:2        Vaults (0/5) D:13
Ossuary (visited)         Volcano (visited)         Gauntlet (visited)

Altars:
Ashenzari
Cheibriados
Dithmenos
Elyvilon
Fedhas
Gozag
Hepliaklqana
Kikubaaqudgha
Makhleb
Nemelex Xobeh
Okawaru
Qazlal
Ru
Sif Muna
Trog
Uskayaw
Vehumet
Wu Jian
Xom
Yredelemnul
Zin
The Shining One
Jiyva

Shops:
D:4 *   D:8 [(=   D:9 [(=   Orc:2 ([:*?

Annotations:
D:10 3 runed translucent doors, exclusion: downstairs, Hawk2023's ghost, journeyman GnFi
Lair:1 exclusion: downstairs
Lair:2 exclusions: downstairs and hydra
Orc:1 exclusion: downstairs


Innate Abilities, Weirdness & Mutations

Your skin changes colour to match your surroundings (Stealth+).
You occasionally shout uncontrollably at your foes.


Message History

The spriggan druid is severely wounded.
You slash the alligator!
Your +9 spectral hand axe hits the spriggan druid.
Your +9 spectral hand axe hits the alligator.
Your +9 spectral hand axe hits the alligator!
Your +9 spectral hand axe barely misses the spriggan druid.
The alligator barely misses you.
The alligator tail-slaps you but does no damage.
The spriggan druid barely misses your +9 spectral hand axe.
You slash the spriggan druid!
The spriggan druid is almost dead.
You slash the alligator!
Your +9 spectral hand axe hits the spriggan druid!
With its final breath, the spriggan druid offers up its power to the beasts of the wild!
The alligator is healed.
The alligator seems to grow more fierce. x2
You kill the spriggan druid!
You hear a splash. x2
Your +9 spectral hand axe hits the alligator!
The alligator closely misses you. The alligator tail-slaps you!
You swap places.
You enter the shallow water.
Moving in this stuff is going to be slow.
Your +9 spectral hand axe disappears.
The alligator bites you!!
* * * LOW HITPOINT WARNING * * *
The alligator tail-slaps you but does no damage.
The alligator bites you!!
* * * LOW HITPOINT WARNING * * *
The alligator tail-slaps you.
Things that are here:
7 gold pieces; a +0 quarterstaff; a +0 robe of positive energy
As you read the scroll of fear, it crumbles to dust.
You assume a fearsome visage.
The alligator easily resists.
The alligator looks frightened!
A goliath frog comes into view.
The alligator barely misses you. The alligator tail-slaps you.
* * * LOW HITPOINT WARNING * * *
The alligator attacks as you move away! The alligator bites you!!
You die...
Your body crumbles into a pile of gold.

.t.. ...~~~.(.~...§♣
.... ~...~...~..~.~♣
.§~~. ♣♣~~~~~...~♣♣♣
~~~~. ♣~~~~~.~~♣♣♣
~~~~.. ♣..~~.~...~♣♣
.~~~..♣♣♣♣~.~.~~.~..~♣
./~~....~♣♣...♣♣♣.~~.♣
........~~~~~§.♣♣.~~~♣
♣~..~♣♣t@$~t~[..♣...♣♣
♣♣~ ♣.~$$......).~♣♣
♣♣..♣§F~♣..~...♣
♣♣♣♣♣♣♣~♣~~♣.~♣♣
♣♣~♣♣~....~.~~~♣
♣♣..♣♣.~..~~..♣♣♣
♣~............~♣
♣♣.~.~~~....:♣♣♣
♣...~~...~♣♣♣


You could see 2 alligators and a goliath frog.

Vanquished Creatures
  Gastronok (Lair:3)
  A frost giant (D:13)
  2 orc warlords
  A minotaur (Gauntlet)
  An ettin (Orc:2)
  A rakshasa (D:13)
  9 hydras
  5 catoblepae
  2 anacondas (Lair:3)
  3 two-headed ogres
  7 centaur warriors
  4 alligators (Swamp:1)
  7 boulder beetles
  2 tengu warriors
  10 death yaks
  Urug (Lair:2)
  An orc high priest (Orc:2)
  3 fire crabs
  A skyshark (Lair:5)
  2 skeletal warriors (Volcano)
  A spriggan druid (Swamp:1)
  A flayed ghost (D:13)
  A wizard (Gauntlet)
  Pikel (D:4)
  5 orc knights
  2 orc sorcerers (Orc:2)
  3 deep elf pyromancers (D:13)
  5 ugly things
  A wolf spider (D:13)
  8 manticores
  8 cyclopes
  An ice statue (Lair:5)
  A rust devil (D:13)
  A smoke demon (Gauntlet)
  A black mamba (Lair:4)
  4 elephants (Lair:1)
  6 gargoyles
  12 cane toads
  An unseen horror (D:12)
  3 torpor snails
  A torpor snail (shapeshifter) (D:13)
  Psyche (D:8)
  10 komodo dragons
  5 rime drakes
  An efreet (D:13)
  A komodo dragon (shapeshifter) (D:13)
  An ice devil (Lair:5)
  12 trolls
  A red devil (Gauntlet)
  3 hornets
  3 polar bears (Lair:5)
  13 blink frogs
  2 harpy skeletons (Volcano)
  2 tyrant leeches (Swamp:1)
  3 dream sheep (Lair:1)
  14 slime creatures
  3 flying skulls (Volcano)
  2 shadows
  3 spriggans
  A water elemental (D:13)
  2 vampires
  3 large abominations (Gauntlet)
  4 wyverns
  9 wraiths
  A basilisk (shapeshifter) (D:13)
  39 yaks
  7 basilisks
  4 steam dragons
  5 vampire mosquitoes
  A swamp worm (Lair:3)
  4 nagas (Lair:2)
  5 wargs
  An acid dragon (D:13)
  24 water moccasins
  Duvessa (D:7)
  2 hell hounds (Lair:5)
  2 black bears (Lair:3)
  35 orc warriors
  A sky beast (D:8)
  8 ice beasts (Lair:5)
  4 ogres
  7 centaurs
  20 wolves
  4 phantoms
  3 kobold brigands
  15 bullfrogs
  A gnoll sergeant (D:6)
  4 small abominations (Gauntlet)
  10 scorpions
  3 wights (D:8)
  Dowan (D:7)
  18 killer bees
  9 howler monkeys
  A spriggan skeleton (Volcano)
  2 electric eels
  2 troll skeletons (Volcano)
  2 crimson imps (Gauntlet)
  A human zombie (Ossuary)
  3 centaur zombies (Ossuary)
  17 orc priests
  2 hounds
  A jelly (D:6)
  Crazy Yiuf (D:4)
  3 iguanas
  2 sleepcaps (D:7)
  29 orc wizards
  3 mummies (Ossuary)
  Robin (D:4)
  9 gnolls
  8 adders
  A shadow imp (Gauntlet)
  7 white imps
  3 ufetubi
  A worm (D:2)
  A dart slug (D:5)
  70 orcs
  11 ball pythons
  4 bats
  10 endoplasms
  7 giant cockroaches
  13 goblins
  10 hobgoblins
  5 quokkas
  2 frilled lizards
  4 gnoll zombies (Ossuary)
  2 goblin zombies (Ossuary)
  A hobgoblin zombie (Ossuary)
  9 kobolds
  3 kobold zombies (Ossuary)
  An orc zombie (Ossuary)
  5 rats
726 creatures vanquished.

Vanquished Creatures (collateral kills)
  Rupert (D:12)
  An electric eel (D:10)
  A hound (D:4)
  2 orc priests (D:4)
  An iguana (D:4)
  An orc wizard (D:4)
  A gnoll (D:6)
  5 orcs
13 creatures vanquished.

Vanquished Creatures (others)
  A cyclops (D:11)
  An electric eel (D:10)
  2 orc priests
  A gnoll (D:6)
  2 orcs (D:7)
  8 spectral weapons
15 creatures vanquished.

Grand Total: 754 creatures vanquished

Notes
Turn   | Place    | Note
-------+----------+-------------------------------------------
     0 | D:1      | H0rd4k the Human Artificer began the quest for the Orb.
     0 | D:1      | Reached XP level 1. HP: 15/15 MP: 1/1
   169 | D:1      | Reached XP level 2. HP: 9/21 MP: 2/2
   173 | D:1      | Reached skill level 1 in Maces & Flails
   598 | D:1      | Reached XP level 3. HP: 26/26 MP: 3/3
  1621 | D:2      | Reached XP level 4. HP: 29/33 MP: 4/4
  1861 | D:3      | Reached XP level 5. HP: 39/39 MP: 5/5
  1906 | D:3      | Identified the +8 hand axe "Plog" {flame, rF+ Dex+2}
  2400 | D:4      | Noticed an ogre
  2419 | D:4      | Reached XP level 6. HP: 45/46 MP: 6/6
  2446 | D:4      | Reached skill level 1 in Axes
  2458 | D:4      | Reached XP level 7. HP: 46/53 MP: 4/7
  2538 | D:4      | Noticed Robin
  2598 | D:4      | Killed Robin
  2789 | D:4      | Reached skill level 5 in Dodging
  2876 | D:4      | Found a runed translucent door.
  2877 | D:4      | Noticed Crazy Yiuf
  3043 | D:4      | Noticed Pikel
  3183 | D:4      | Killed Pikel
  3184 | D:4      | Reached skill level 5 in Fighting
  3184 | D:4      | Reached XP level 8. HP: 54/62 MP: 8/8
  3335 | D:4      | Found Fotuich's CLEARANCE SALE!.
  3394 | D:4      | Killed Crazy Yiuf
  3483 | D:5      | Entered Level 5 of the Dungeon
  3508 | D:5      | Found a staircase to the Ecumenical Temple.
  3553 | Temple   | Entered the Ecumenical Temple
  3987 | Temple   | Became a worshipper of Gozag Ym Sagoz the Greedy
  4183 | D:5      | Reached skill level 5 in Axes
  4192 | D:5      | Found a sand-covered staircase.
  4196 | Ossuary  | Entered an ossuary
  4241 | Ossuary  | Reached XP level 9. HP: 59/68 MP: 7/9
  5163 | D:5      | Identified the +0 spear "Beastslayer" {spect, rF+ Will+
                  | Dex+3}
  5201 | D:5      | Found a white marble altar of Elyvilon.
  6067 | D:6      | Reached XP level 10. HP: 53/77 MP: 5/10
  7071 | D:7      | Noticed Duvessa
  7089 | D:7      | Killed Duvessa
  7091 | D:7      | Noticed Dowan
  7331 | D:7      | Killed Dowan
  8143 | D:7      | Found the +6 shillelagh "Devastator" {shatter}
  8235 | D:7      | Identified a scroll of acquirement
  8236 | D:7      | Acquired 1139 gold pieces
  8431 | D:8      | Found a staircase to the Lair.
  8432 | D:8      | Noticed a fire crab
  8450 | D:8      | Killed a fire crab
  8451 | D:8      | Reached skill level 1 in Spellcasting
  8869 | D:8      | Noticed a +0 hand axe
  8869 | D:8      | Noticed a +0 hand axe
  8873 | D:8      | Reached skill level 10 in Axes
  8873 | D:8      | Noticed Psyche
  8886 | D:8      | Found a hide-covered altar of Uskayaw.
  9528 | D:8      | Reached XP level 11. HP: 81/86 MP: 12/14
 10056 | D:9      | Found a staircase to the Orcish Mines.
 10057 | D:9      | Found Gaezeuc's Jewellery Shop.
 11345 | D:9      | Noticed a two-headed ogre
 11386 | D:9      | Killed a two-headed ogre
 11728 | D:10     | Entered Level 10 of the Dungeon
 11841 | D:10     | Noticed a manticore
 11852 | D:10     | Killed a manticore
 12533 | D:10     | Noticed a two-headed ogre
 12541 | D:10     | Killed a two-headed ogre
 12546 | D:10     | Identified the +2 buckler of Tenacity {+Blink}
 12678 | D:10     | Noticed a centaur warrior
 12691 | D:10     | Killed a centaur warrior
 13642 | D:10     | Reached XP level 12. HP: 83/94 MP: 14/18
 14051 | D:10     | Found a runed translucent gate.
 14052 | D:10     | Found a runed translucent gate.
 14052 | D:10     | Noticed Hawk2023's ghost (journeyman GnFi)
 14053 | D:10     | Found a runed translucent gate.
 14055 | D:10     | Identified the +0 plate armour of Instinct {Str+5}
 14200 | D:11     | Noticed a boulder beetle
 14204 | D:11     | Noticed a tengu warrior
 14219 | D:10     | Reached skill level 5 in Spellcasting
 14781 | D:11     | Killed a boulder beetle
 14864 | D:11     | Gained mutation: Your skin changes colour to match your
                  | surroundings (Stealth+). [potion of mutation]
 14864 | D:11     | Gained mutation: You occasionally shout uncontrollably at
                  | your foes. [potion of mutation]
 14878 | D:11     | Killed a tengu warrior
 15073 | D:11     | Reached skill level 1 in Throwing
 15160 | D:11     | Reached skill level 5 in Evocations
 15799 | Lair:1   | Entered Level 1 of the Lair of Beasts
 16068 | D:8      | Bought the ring of Mifow {Str+3 Int+3 SInv} for 380 gold
                  | pieces
 16163 | Lair:1   | Noticed a catoblepas
 16167 | Lair:1   | Noticed a five-headed hydra
 16374 | Lair:1   | Killed a catoblepas
 17777 | Lair:2   | Reached XP level 13. HP: 95/100 MP: 22/25
 18070 | Lair:2   | Noticed a five-headed hydra
 18257 | Lair:2   | Learned a level 3 spell: Frozen Ramparts
 18303 | Lair:2   | Noticed Urug
 18315 | Lair:2   | Killed Urug
 18437 | Lair:2   | Reached skill level 1 in Ice Magic
 19648 | Lair:2   | Found a staircase to the Snake Pit.
 19664 | Lair:2   | Identified the +1 cloak of the Gusle {rCorr Str-4 Dex+3}
 19694 | Lair:2   | Identified the +1 robe of Wisdom {MP+9 Int+3 Stlth+}
 20305 | Lair:3   | Noticed a seven-headed hydra
 20502 | Lair:2   | Killed a one-headed hydra
 20736 | Lair:3   | Reached skill level 5 in Maces & Flails
 20891 | Lair:3   | Noticed Gastronok
 20956 | Lair:3   | Noticed a five-headed hydra
 20989 | Lair:3   | Killed a one-headed hydra
 21150 | Lair:3   | Killed a one-headed hydra
 21309 | Lair:3   | Killed Gastronok
 22489 | Lair:3   | HP: 3/100 [death yak (4)]
 22489 | Lair:3   | Noticed a six-headed hydra
 22975 | Lair:3   | Reached skill level 5 in Throwing
 23061 | Lair:3   | Noticed an anaconda
 23061 | Lair:3   | Noticed an anaconda
 23248 | Lair:3   | Reached XP level 14. HP: 53/106 MP: 14/27
 23510 | Lair:3   | Found a staircase to the Swamp.
 25203 | Lair:5   | Entered Level 5 of the Lair of Beasts
 25323 | Lair:5   | Found a dark tunnel.
 25333 | Lair:5   | Reached skill level 5 in Ice Magic
 25341 | Volcano  | Entered a volcano
 25657 | Lair:5   | Found a gate leading to a gauntlet.
 25670 | Lair:5   | Reached skill level 10 in Spellcasting
 25691 | Gauntlet | Entered a Gauntlet
 25691 | Gauntlet | Found a transporter.
 25829 | Gauntlet | Found a transporter.
 25829 | Gauntlet | Found a transporter.
 25841 | Gauntlet | Found a transporter.
 25852 | Gauntlet | Found a transporter.
 25857 | Gauntlet | Found a transporter.
 25872 | Gauntlet | Found a transporter.
 25891 | Gauntlet | Found a transporter.
 25903 | Gauntlet | Found a transporter.
 25911 | Gauntlet | Found a large runed translucent door.
 25912 | Gauntlet | Found a large runed translucent door.
 25913 | Gauntlet | Found a large runed translucent door.
 25913 | Gauntlet | Found a large runed translucent door.
 25914 | Gauntlet | Found a runed translucent gate.
 25915 | Gauntlet | Found a transporter.
 25915 | Gauntlet | Found a runed translucent gate.
 25916 | Gauntlet | Found a runed translucent gate.
 25917 | Gauntlet | Found a large runed translucent door.
 25917 | Gauntlet | Found a large runed translucent door.
 25918 | Gauntlet | Found a large runed translucent door.
 25919 | Gauntlet | Found a large runed translucent door.
 25927 | Gauntlet | Found a transporter.
 25929 | Gauntlet | Found a large runed translucent door.
 25929 | Gauntlet | Found a large runed translucent door.
 25929 | Gauntlet | Found a runed translucent door.
 25929 | Gauntlet | Found a runed translucent door.
 25930 | Gauntlet | Found a large runed translucent door.
 25931 | Gauntlet | Found a large runed translucent door.
 25933 | Gauntlet | Found a transporter.
 25933 | Gauntlet | Found a transporter.
 25939 | Gauntlet | Noticed a reaper
 25948 | Gauntlet | Found a transporter.
 25954 | Gauntlet | Found a transporter.
 25993 | Gauntlet | Found a transporter.
 26020 | Gauntlet | Found a transporter.
 26128 | Gauntlet | Found a large runed translucent door.
 26128 | Gauntlet | Found a large runed translucent door.
 26129 | Gauntlet | Found a large runed translucent door.
 26130 | Gauntlet | Found a large runed translucent door.
 26134 | Gauntlet | Found a transporter.
 26511 | Gauntlet | Identified the +2 helmet of Valour {rElec Dex+3}
 26543 | Gauntlet | Noticed a minotaur
 26557 | Gauntlet | Killed a minotaur
 26569 | Gauntlet | Identified the staff of cold "Rirher" {rC+ Int+3}
 26569 | Gauntlet | Identified the +2 whip of Itia {flame, *Corrode rN+ Str+3}
 27001 | Lair:5   | Reached skill level 10 in Maces & Flails
 27159 | Lair:5   | Found a staircase to the Slime Pits.
 27159 | Lair:5   | Found a viscous altar of Jiyva.
 27250 | Lair:5   | Reached XP level 15. HP: 67/112 MP: 16/29
 28510 | Lair:5   | Identified the +3 great sword "Death Rattle" {heavy, rCorr}
 30363 | Orc:1    | Entered Level 1 of the Orcish Mines
 31014 | Orc:1    | Noticed an orc warlord
 31021 | Orc:1    | Killed an orc warlord
 31249 | Orc:2    | Entered Level 2 of the Orcish Mines
 31577 | Orc:2    | Noticed an orc warlord
 31818 | Orc:2    | Killed an orc warlord
 31912 | Orc:2    | Reached skill level 10 in Fighting
 32191 | Orc:2    | Found Feollota's Antique Weapon Boutique.
 32496 | Orc:2    | Found Xuypupniba's Antique Armour Boutique.
 32502 | Orc:2    | Bought a ruby-encrusted leather armour for 210 gold pieces
 32502 | Orc:2    | Identified the +0 leather armour of Kiatell {Stlth+} (You
                  | bought it in a shop on level 2 of the Orcish Mines)
 32547 | Orc:2    | Found a staircase to the Elven Halls.
 32585 | Orc:2    | Found Poophoed's Magic Scroll Shop.
 32611 | Orc:2    | Bought a scroll of enchant weapon for 120 gold pieces
 32611 | Orc:2    | Bought a scroll of brand weapon for 152 gold pieces
 32642 | Orc:2    | Found Tirren's Book Boutique.
 32648 | Orc:2    | Bought a manual of Air Magic for 1200 gold pieces
 32653 | Orc:2    | Learned a level 3 spell: Mephitic Cloud
 32661 | Orc:2    | Found Harorgh's General Store.
 32835 | D:9      | Bought the +7 chain mail of Zuden {Slay+3} for 945 gold
                  | pieces
 32982 | D:8      | Killed Psyche
 33299 | D:12     | Reached skill level 1 in Air Magic
 33433 | D:12     | Reached skill level 1 in Conjurations
 33464 | D:12     | Noticed Rupert
 33470 | D:12     | Paralysed by Rupert for 3 turns
 33472 | D:12     | Killed Rupert
 33536 | D:12     | Identified the +2 quarterstaff of Resourcefulness {drain,
                  | Int+2}
 33581 | D:12     | Reached XP level 16. HP: 123/123 MP: 31/31
 34151 | D:13     | Found a gate to the Vaults.
 35638 | D:13     | Reached skill level 5 in Air Magic
 37112 | D:13     | Noticed a frost giant
 37176 | D:13     | Killed a frost giant
 37760 | D:13     | Found a burning altar of Makhleb.
 38552 | Orc:2    | Bought a book of Chaos for 750 gold pieces
 38559 | Orc:2    | Learned a level 6 spell: Conjure Ball Lightning
 38767 | Swamp:1  | Entered Level 1 of the Swamp
 38999 | Swamp:1  | Acquired 732 gold pieces
 39036 | Swamp:1  | Reached XP level 17. HP: 50/134 MP: 11/33
 39054 | Swamp:1  | Mangled by an alligator

Illustrated notes

Levels and vault maps discovered:
D:1:      saegor_arrival_fortress, layout_rooms, patterned_corridor
D:2:      layout_basic, corner_web_ring, interstate_on_off, nrook_campfire,
          kennysheep_generic_room_5
D:3:      layout_basic
D:4:      layout_gridville, hex_tiny, nicolae_shop_clearance, uniq_pikel,
          uniq_crazy_yiuf_cottage, uniq_robin
D:5:      layout_loops_ring, nicolae_elyvilon_peaceful_grove,
          minmay_temple_entry_junction, nicolae_ossuary_entry_plus,
          corexii_leaking_fountain
D:6:      layout_loops_ring, chequers_serial_rivers_large_a,
          minmay_misc_feat_tower, minmay_checkerbox
D:7:      layout_loops_ring, eino_curves_03, uniq_duvessa
D:8:      layout_layer_cave, dancing_weapons_uskayaw, minmay_lair_entry_lava,
          minivault_23, the_hattery, uniq_psyche
D:9:      gammafunk_indiana_jones, layout_loops_ring, serial_shops, shop,
          kennysheep_small_spiral
D:10:     wad_river_or_something, layout_irregular_city,
          biasface_ghost_orc_armoury, minmay_misc_feat_four_crosses
D:11:     layout_roguey
D:12:     layout_roguey [special_room_orc], uniq_rupert
D:13:     nzn_winding_woodlands_huge [nzn_winding_woodlands_5x15_zeroes,
          nzn_winding_woodlands_5x15_jagged,
          nzn_winding_woodlands_5x15_river_crossing,
          nzn_winding_woodlands_5x15_sidewinder,
          nzn_winding_woodlands_5x15_crooked,
          nzn_winding_woodlands_5x15_lazy_stream,
          nzn_winding_woodlands_5x15_eye, nzn_winding_woodlands_5x15_default,
          nzn_winding_woodlands_5x15_twine,
          nzn_winding_woodlands_5x15_pathside_ponds,
          nzn_winding_woodlands_center_triple_pond,
          nzn_winding_woodlands_center_garden,
          nzn_winding_woodlands_15x15_boxy_spiral], layout_stronghold,
          demons_altar
Temple:   mainiacjoe_temple_big_plus
Lair:1:   layout_loops_ring
Lair:2:   wad_woods_structure_01, layout_cellular_growth,
          minmay_snake_entry_guardpost_small, columned_hall_lemuel,
          beast_lair_carwin_2, uniq_urug
Lair:3:   layout_layer_cave, palyth_hydra_swamp_entry,
          pdpol_lair_neglected_garden, nicolae_lair_lakeside_cave,
          uniq_gastronok
Lair:4:   layout_cave_pods, chequers_serial_rivers_room_a
Lair:5:   evilmike_catoblepas_cave, layout_loops_ring, slime_entry_1,
          enter_volcano_3, gauntlet_entry_generic,
          chequers_serial_rivers_micro_b, ice2_lemuel
Swamp:1:  layout_basic_swamp, evilmike_swamp_ruin_house_3
Orc:1:    layout_caves, basic_altar, nicolae_orc_sculptors_studio
Orc:2:    grunt_orc_cross, layout_caves, basic_altar, serial_shops, shop

Skill      XL: |  1  2  3  4  5  6  7  8  9 10 11 12 13 14 15 16 |
---------------+-------------------------------------------------+-----
Maces & Flails | 1 2 3 6 10 11 | 11.3
Fighting       | 2 3 5 6 7 8 10 12 | 12.4
Dodging        | 2 3 4 5 6 7 8 |  8.2
Axes           | 1 4 5 8 10 11 | 11.3
Spellcasting   | 2 4 8 9 10 11 12 | 12.0
Stealth        | 3 |  3.1
Armour         | 4 |  4.4
Evocations     | 6 7 8 9 |  9.1
Throwing       | 3 5 6 7 |  7.1
Ice Magic      | 4 5 6 |  6.3
Air Magic      | 2 7 |  7.4
Conjurations   | 1 4 |  4.9
Ranged Weapons | |  0.7

Action                     |  1- 3 |  4- 6 |  7- 9 | 10-12 | 13-15 | 16-18 || total
---------------------------+-------+-------+-------+-------+-------+-------++-------
  Melee: Club              |   203 |    31 |       |       |       |       ||   234
         Punch             |     1 |       |     1 |    13 |    23 |    13 ||    51
         Hand axe          |       |    22 |   218 |   774 |  1019 |   595 ||  2628
         Shillelagh        |       |       |       |       |   242 |       ||   242
   Fire: Sling             |       |       |       |       |     7 |       ||     7
  Throw: Dart              |       |       |       |    12 |    10 |       ||    22
   Cast: Frozen Ramparts   |       |       |       |       |     4 |     1 ||     5
 Invoke: Call Merchant     |       |       |       |     3 |     2 |       ||     5
  Evoke: Wand              |     6 |     2 |     3 |    30 |    13 |     2 ||    56
         Lightning rod     |       |       |       |       |     4 |       ||     4
         Phantom mirror    |       |       |       |       |     1 |     1 ||     2
         Tin of tremorston |       |       |       |       |     1 |       ||     1
    Use: Potion            |       |     1 |       |     6 |    11 |     3 ||    21
         Scroll            |       |       |       |    28 |    20 |     3 ||    51
   Stab: Sleeping          |     2 |     1 |     4 |     5 |     2 |       ||    14
         Distracted        |       |       |       |     7 |    29 |    12 ||    48
         Invisible         |       |       |       |       |     2 |       ||     2
         Paralysed         |       |       |       |       |     1 |       ||     1
 Armour: Leather armour    |    52 |    17 |    48 |    39 |       |       ||   156
         Ring mail         |       |       |       |   116 |    26 |       ||   142
         Scale mail        |       |       |       |       |   369 |       ||   369
         Chain mail        |       |       |       |       |    16 |   293 ||   309
  Dodge: Dodged            |   150 |    45 |   119 |   406 |   522 |   172 ||  1414
  Block: Buckler           |       |       |       |       |     7 |       ||     7
